 Dungeon Crawl Stone Soup version 0.23-a0-470-g6f7cfd9 (webtiles) character file.

109 iamserjio the Ducker (level 4, -4/26 HPs)
             Began as an Octopode Wanderer on Nov 26, 2018.
             Was an Initiate of Hepliaklqana.
             Slain by a gnoll
             ... wielding a +0 flail
              (10 damage)
             ... on level 4 of the Dungeon.
             The game lasted 00:07:36 (3187 turns).

iamserjio the Ducker (Octopode Wanderer)            Turns: 3187, Time: 00:07:37

Health: -4/26      AC:  1    Str: 11    XL:     4   Next: 90%
Magic:  7/7        EV: 14    Int: 13    God:    Hepliaklqana [......]
Gold:   105        SH:  0    Dex: 13    Spells: 6/7 levels left

rFire    + . .     SeeInvis .   a - +2 dagger
rCold    + . .     Gourm    .   (no shield)
rNeg     . . .     Faith    .   (helmet restricted)
rPois    +         Spirit   .   (no amulet)
rElec    +         Reflect  .   u - ring of poison resistance
rCorr    +         Harm     .   (no ring)
MR       .....                  (no ring)
Stlth    +++.......             (no ring)
HPRegen  0.08/turn              (no ring)
MPRegen  0.10/turn              (no ring)
                                (no ring)
                                (no ring)

@: resistant, berserk cooldown, slowed, very slow
A: almost no armour, stealthy swim, amphibious, 8 rings, constrict 8, reduced
essence, camouflage 1, gelatinous body 1
a: Recall Ancestor, Ancestor Identity, Renounce Religion


You were on level 4 of the Dungeon.
You worshipped Hepliaklqana.
Hepliaklqana was noncommittal.
You were not hungry.

You visited 1 branch of the dungeon, and saw 4 of its levels.

You collected 105 gold pieces.

Inventory:

Hand Weapons
 a - a +2 dagger (weapon)
 n - a +0 hunting sling
 o - a +0 short sword
 y - a +0 blowgun
Missiles
 c - 164 stones (quivered)
 i - 35 poisoned needles
 v - 24 sling bullets
Jewellery
 q - an uncursed ring of fire {unknown}
 t - an uncursed amulet of guardian spirit {unknown}
 u - a ring of poison resistance (left tentacle)
Scrolls
 d - a scroll of teleportation {unknown}
 e - 2 scrolls of identify {unknown}
 g - a scroll of amnesia {unknown}
 j - a scroll of fog {unknown}
 l - a scroll of remove curse {unknown}
 p - a scroll of immolation {unknown}
 w - 2 scrolls of random uselessness {unknown}
Potions
 h - a potion of magic {unknown}
 k - a potion of resistance
 m - a potion of heal wounds {unknown}
 r - a potion of mutation {unknown}
 s - a potion of might {unknown}
 x - 2 potions of curing {unknown}
Comestibles
 f - 6 rations


   Skills:
 + Level 2.0 Fighting
 - Level 1.8(2.0) Short Blades
   Level 1.0(1.5) Long Blades
 - Level 1.0 Throwing
 * Level 3.7 Dodging
 - Level 1.3 Stealth
 - Level 2.0 Spellcasting
   Level 1.0 Summonings
 - Level 2.0 Translocations


You had 6 spell levels left.
You knew the following spells:

 Your Spells              Type           Power        Failure   Level  Hunger
a - Apportation           Tloc           #.....       11%         1    ##.....

Your spell library contained the following spells:

 Spells                   Type           Power        Failure   Level  Hunger
 Beastly Appendage        Tmut           #.....       26%         1    ##.....
 Lesser Beckoning         Tloc           #.........   32%         3    ####...
 Ignite Poison            Fire/Tmut/Pois #.......     58%         3    ####...


Dungeon Overview and Level Annotations

Branches:
Dungeon (4/15)
 Temple: D:4-7

Altars:
Hepliaklqana
Qazlal
Trog

Shops:
D:4 }

Annotations:
D:2 Sigmund


Innate Abilities, Weirdness & Mutations

You cannot wear most types of armour.
You are very stealthy in the water. (Stealth+)
You are amphibious.
You can wear up to eight rings at the same time.
You can use your tentacles to constrict eight enemies at once.
Your skin changes colour to match your surroundings (Stealth+).
Your rubbery body absorbs attacks. (AC +1, EV +1)
Your life essence is reduced to manifest your ancestor. (-10% HP)


Message History

Okay, then.
Okay, then.
Okay, then.
Unknown command.
A red film seems to cover your vision as you go berserk!
You feel yourself moving faster!
You feel mighty!
Zulima hits the gnoll.
The gnoll misses you.
The gnoll closely misses Zulima.
You feel a strong urge to attack something.
The gnoll hits you but does no damage.
Zulima closely misses the gnoll.
You feel your anger nearly subside.
You are no longer berserk.
You pass out from exhaustion.
You feel yourself slow down.
Something hits Zulima!
Zulima is destroyed!
You can move again.
It was a potion of resistance.
You feel protected. The gnoll hits you with a +0 flail!
You die...

..........# .
.........# ..
........ ...
#<..... ....
...... ##
.....#....# ...
........#.# ..#
.....##@#.###...#
...∩...g#.g.....#
###.....g.R#..###
#....#..## #
#.........
..........##
.......##..#
....#.( ...#
...##.. ...#


You could see 2 gnolls.

Vanquished Creatures
  2 adders
  A gnoll (D:3)
  3 oozes
  2 worms (D:2)
  A dart slug (D:3)
  A leopard gecko (D:1)
  6 bats
  2 giant cockroaches (D:3)
  3 goblins
  8 hobgoblins
  3 jackals (D:2)
  3 kobolds
  3 quokkas (D:3)
  4 frilled lizards
  8 rats
50 creatures vanquished.

Vanquished Creatures (collateral kills)
  A gnoll (D:4)
1 creature vanquished.

Vanquished Creatures (others)
  An ancestor (D:4)
1 creature vanquished.

Grand Total: 52 creatures vanquished

Notes
Turn   | Place    | Note
-------+----------+-------------------------------------------
     0 | D:1      | iamserjio the Octopode Wanderer began the quest for the
                  | Orb.
     0 | D:1      | iamserjio set off with the following items: a +2 dagger, a
                  | potion of berserk rage, a ration; and the following spells
                  | available to memorise: Apportation, Beastly Appendage,
                  | Lesser Beckoning, Ignite Poison
     0 | D:1      | Reached XP level 1. HP: 11/11 MP: 3/3
     2 | D:1      | Learned a level 1 spell: Apportation
   479 | D:1      | Reached XP level 2. HP: 18/18 MP: 5/5
   595 | D:1      | Reached skill level 1 in Fighting
   856 | D:1      | Reached skill level 1 in Short Blades
   856 | D:1      | Reached XP level 3. HP: 23/23 MP: 6/6
  1376 | D:2      | Reached skill level 3 in Dodging
  1612 | D:2      | Noticed Sigmund
  2012 | D:3      | Reached XP level 4. HP: 24/28 MP: 7/7
  2526 | D:3      | Found a stormy altar of Qazlal.
  2678 | D:3      | Found a hazy altar of Hepliaklqana.
  2686 | D:3      | Became a worshipper of Hepliaklqana the Forgotten
  2866 | D:3      | Found a bloodstained altar of Trog.
  3085 | D:4      | Found Tommutoim's Gadget Emporium.
  3187 | D:4      | Slain by a gnoll

Vault maps used:
D:1:      psy_arrival_radial02
D:2:      vehumet_crystals, ashenzari_altar_1, uniq_robin, uniq_sigmund,
          uniq_terence
D:3:      old_standard_altar, marbit_many_paths, old_standard_altar
D:4:      serial_shops, kennysheep_little_box, shop, shop, shop, shop_statue

Skill      XL: |  1  2  3  4 |
---------------+-------------+-----
Fighting       | 1 2 |  2.0
Short Blades   | 1 |  1.8
Dodging        | 3 |  3.7
Long Blades    | |  1.0
Throwing       | |  1.0
Stealth        | |  1.3
Spellcasting   | |  2.0
Summonings     | |  1.0
Translocations | |  2.0

Action                   |  1- 3 |  4- 6 || total
-------------------------+-------+-------++-------
Melee: Dagger            |    73 |    34 ||   107
       Constrict         |    17 |     8 ||    25
       Tentacles         |    11 |     3 ||    14
 Cast: Apportation       |     2 |       ||     2
  Use: Potion            |       |     2 ||     2
 Stab: Sleeping          |     6 |     8 ||    14
  Eat: Chunk             |     3 |     4 ||     7
Armor: Skin              |     4 |     2 ||     6
Dodge: Dodged            |    38 |    14 ||    52

Table legend:
 A = Non-vault XP
 B = Vault XP
 C = Vault XP percentage of total XP
 D = Non-vault monster count
 E = Vault monster count
 F = Vault count percentage of total count
                 A         B        C        D         E       F
            +---------+---------+-------+---------+---------+-------
      Total |     155 |       2 |   1.3 |      50 |       1 |   2.0
            +---------+---------+-------+---------+---------+-------
        D:1 |      41 |       0 |   0.0 |      19 |       0 |   0.0
        D:2 |      37 |       0 |   0.0 |      11 |       0 |   0.0
        D:3 |      62 |       2 |   3.1 |      19 |       1 |   5.0
        D:4 |      15 |       0 |   0.0 |       1 |       0 |   0.0
            +---------+---------+-------+---------+---------+-------
